 Dungeon Crawl Stone Soup version 0.31-a0-662-g684573625c (webtiles) character file.

Game seed: 13162422058662810701

60 kae the Caller (level 3, -1/19 HPs)
             Began as a Deep Elf Summoner on Sept 1, 2023.
             Killed from afar by Natasha (9 damage)
             ... with a magic dart
             ... on level 2 of the Dungeon.
             The game lasted 00:01:33 (1606 turns).

kae the Caller (Deep Elf Summoner)                  Turns: 1606, Time: 00:01:33

Health: -1/19      AC:  3    Str:  5    XL:     3   Next: 80%
Magic:  8/10       EV: 12    Int: 21    God:
Gold:   73         SH:  0    Dex: 15    Spells: 7/10 levels left

rFire   . . .        g - +0 short sword
rCold   . . .        (no shield)
rNeg    . . .        a - +0 robe
rPois   +            (no helmet)
rElec   .            (no cloak)
rCorr   .            h - +0 pair of gloves
SInv    .            (no boots)
Will    .....        (no amulet)
Stlth   ++           P - ring of poison resistance
HPRegen 0.23/turn    (no ring)
MPRegen 0.12/turn

%: no passive effects
@: no status effects
A: no striking features
a: no special abilities


You were on level 2 of the Dungeon.
You visited 1 branch of the dungeon, and saw 2 of its levels.

You collected 73 gold pieces.


   Skills:
 - Level 2.4 Dodging
 - Level 2.4 Stealth
 + Level 4.1 Spellcasting
 * Level 5.5 Summonings


You had 7 spell levels left.
You knew the following spells:

 Your Spells              Type           Power      Damage    Failure   Level
a - Summon Small Mammal   Summ           100%       N/A       1%          1
b - Call Imp              Summ           54%        N/A       1%          2

Your spell library contained the following spells:

 Spells                   Type           Power      Damage    Failure   Level
 Call Canine Familiar     Summ           27%        N/A       3%          3
 Necrotise                Necr           16%        1d4       12%         1
 Summon Guardian Golem    Hex/Summ       15%        N/A       12%         3
 Vampiric Draining        Necr           4%         2d6       34%         3
 Summon Lightning Spire   Summ/Air       15%        N/A       36%         4
 Agony                    Necr           4%         N/A       97%         5

Inventory:

Hand Weapons
 g - a +0 short sword (weapon)
   (You took it off a kobold on level 2 of the Dungeon)
Missiles
 f - 21 stones
Armour
 a - a +0 robe (worn)
 h - a +0 pair of gloves (worn)
   (You found it on level 2 of the Dungeon)
Jewellery
 F - a ring of fire
   (You found it on level 1 of the Dungeon)
 P - a ring of poison resistance (left hand)
   (You found it on level 1 of the Dungeon)
Scrolls
 c - a scroll of identify {unknown}
 d - 2 scrolls of torment {unknown}
Potions
 b - a potion of magic
 e - a potion of experience {unknown}

Dungeon Overview and Level Annotations

Branches:
Dungeon (2/15) Zot: 10391

Altars:

Annotations:
D:2 1 runed translucent door, Natasha

###.####
##.......#.....
#.#
#.#...........
#.#########
#..##.........
#.........#
##...#.######.
#.÷####...#
#....### #..#
#.#.# #....#
##..####.#.#
♣....♣
#........#.#
♣..5♣♣
#...######.#
♣♣@♣♣ #...# #.#
♣h♣♣ #...# #.#
♣♣.♣ #...# #.#
.♣ #...######.#
♣. #....).....#
+# #.##########
.. #.# .# #.#
)#


You could see Natasha (ally target) and a friendly cerulean imp (summoned).


Message History

You kill the adder!
The endoplasm hits you but does no damage.
Your cerulean imp hits the endoplasm from afar with a -2 spear.
Your Spellcasting skill increases to level 4!
Unknown command.
You hit the endoplasm.
You kill the endoplasm!
Unknown command. 😨 HP[+1]
You see here a +0 pair of gloves. 😨 MP[+1]
Your mp is fully restored (10).
h - a +0 pair of gloves You start putting on your armour.
You continue putting on your +0 pair of gloves. x4
You finish putting on your +0 pair of gloves. 😨 HP[+1]
Your cerulean imp disappears in a puff of smoke!
You now have 73 gold pieces (gained 10).
A hobgoblin comes into view.
The hobgoblin shouts!
You hear a shout! 😎 HP[+10]
Your hp is fully restored (19).
A hobgoblin is nearby!
A hobgoblin is nearby!
A hobgoblin is nearby!
Casting: Call Imp (safe; 1% risk of failure)
Confirm with . or Enter, or press ? or * to list all spells.
A tiny devil pulls itself out of the air. 😎 MP[-2]
You lost 2 mp, and now have 8/10 mp.
You swap places.
Your cerulean imp hits the hobgoblin but does no damage.
The hobgoblin barely misses you.
A hobgoblin is nearby!
You hit the hobgoblin.
Your cerulean imp hits the hobgoblin from afar with a -2 spear.
The hobgoblin hits you.
You hit the hobgoblin.
You kill the hobgoblin! 😕 HP[-3]
You take 3 damage, and now have 16/19 hp.
You pick up a book of Necromancy and begin reading...
You add the spells Necrotise, Vampiric Draining and Agony to your library. 😎 HP[+3] MP[+2]
Your hp is fully restored (19).
Your mp is fully restored (10).
No target in view!
No target in view!
Found an escape hatch in the floor.
No target in view!
No target in view!
There is an escape hatch in the floor here.
Your cerulean imp disappears in a puff of smoke!
A bat comes into view.
A bat is nearby!
A bat is nearby!
A bat is nearby!
A bat is nearby!
Casting: Call Imp (safe; 1% risk of failure)
Confirm with . or Enter, or press ? or * to list all spells.
A tiny devil pulls itself out of the air. 😎 MP[-2]
You lost 2 mp, and now have 8/10 mp.
A bat is nearby!
A bat is nearby!
Your cerulean imp hits the bat from afar with a -2 spear.
The bat dies!
No target in view!
Your cerulean imp disappears in a puff of smoke!
Natasha, Servant of Life and Death comes into view.
Found a hammer.
Found a runed translucent door. 😎 MP[+2]
Your mp is fully restored (10).
Natasha is nearby!
Natasha is nearby!
The helpless Natasha fails to defend herself.
You puncture Natasha! Natasha claws you but does no damage.
Casting: Call Imp (safe; 1% risk of failure)
Confirm with . or Enter, or press ? or * to list all spells.
A tiny devil pulls itself out of the air.
Natasha claws you! Natasha closely misses you.
Your cerulean imp hits Natasha from afar with a -2 spear. 😮 HP[-8] MP[-2]
You take 8 damage, and now have 11/19 hp.
MASSIVE DAMAGE!! (PAUSE)
You lost 2 mp, and now have 8/10 mp.
You hit Natasha but do no damage. Natasha claws you.
* * * LOW HITPOINT WARNING * * *
Your cerulean imp hits Natasha but does no damage. 😨 HP[-4]
You take 4 damage, and now have 7/19 hp.
MASSIVE DAMAGE!! (PAUSE)
You barely miss Natasha.
Natasha wildly gestures.
Natasha glows brightly for a moment.
Natasha stares at you and mumbles some strange words.
The magic dart hits you!
You die...
Natasha curls up and begins to purr.

Skill      XL: |  1  2  3 |
---------------+----------+-----
Summonings     | 5 |  5.5
Spellcasting   | 4 |  4.1
Dodging        | |  2.4
Stealth        | |  2.4

Action                     || total
---------------------------++-------
  Melee: Unarmed           ||    52
         Punch             ||     1
         Short sword       ||    35
   Cast: Summon Small Mamm ||    31
         Call Imp          ||    10
   Stab: Sleeping          ||     2
         Distracted        ||     1
 Armour: Robe              ||    72
  Dodge: Dodged            ||    85

Levels and vault maps discovered:
D:1:      evilmike_arrival_crescent, layout_basic
D:2:      layout_loops_ring, basic_ecumenical_altar, nicolae_the_louvre,
          uniq_crazy_yiuf_cottage, uniq_natasha, uniq_sigmund

Notes
Turn   | Place    | Note
-------+----------+-------------------------------------------
     0 | D:1      | kae the Deep Elf Summoner began the quest for the Orb.
     0 | D:1      | Reached XP level 1. HP: 10/10 MP: 6/6
     0 | D:1      | magus.rc [v1.11.3]
   287 | D:1      | HP: 2/10 [ball python (3)]
   346 | D:1      | Reached XP level 2. HP: 15/15 MP: 8/8
   708 | D:1      | Reached skill level 5 in Summonings
   819 | D:1      | Learned a level 2 spell: Call Imp
   916 | D:2      | Found a faded altar of an unknown god.
   940 | D:2      | Reached XP level 3. HP: 17/19 MP: 6/10
  1427 | D:2      | Reached skill level 4 in Spellcasting
  1503 | D:2      | You pick up a book of Necromancy and begin reading...
  1503 | D:2      | You add the spells Necrotise, Vampiric Draining and Agony
                  | to your library.
  1600 | D:2      | Found a runed translucent door.
  1600 | D:2      | Noticed Natasha
  1606 | D:2      | Killed from afar by Natasha

Vanquished Creatures
  An adder (D:2)
  A worm (D:2)
  A dart slug (D:1)
  An endoplasm (D:2)
  3 goblins (D:1)
  A hobgoblin (D:2)
  3 bats
  A frilled lizard (D:2)
  2 rats (D:2)
14 creatures vanquished.

Vanquished Creatures (collateral kills)
  A worm (D:2)
  A dart slug (D:2)
  4 bats
  2 endoplasms (D:1)
  A giant cockroach (D:1)
  A goblin (D:2)
  A hobgoblin (D:1)
  4 jackals (D:2)
  A quokka (D:2)
  3 ball pythons
  2 frilled lizards (D:1)
  3 kobolds
  3 rats (D:1)
27 creatures vanquished.

Grand Total: 41 creatures vanquished

Table legend:
 A = Non-vault XP
 B = Vault XP
 C = Vault XP percentage of total XP
 D = Non-vault monster count
 E = Vault monster count
 F = Vault count percentage of total count
                 A         B        C        D         E       F
            +---------+---------+-------+---------+---------+-------
      Total |      86 |       0 |   0.0 |      41 |       0 |   0.0
            +---------+---------+-------+---------+---------+-------
        D:1 |      29 |       0 |   0.0 |      18 |       0 |   0.0
        D:2 |      57 |       0 |   0.0 |      23 |       0 |   0.0
            +---------+---------+-------+---------+---------+-------

Skill      XL: |  1  2  3 |
---------------+----------+-----
Summonings     | 5 |  5.5
Spellcasting   | 4 |  4.1
Dodging        | |  2.4
Stealth        | |  2.4

Action                     || total
---------------------------++-------
  Melee: Unarmed           ||    52
         Punch             ||     1
         Short sword       ||    35
   Cast: Summon Small Mamm ||    31
         Call Imp          ||    10
   Stab: Sleeping          ||     2
         Distracted        ||     1
 Armour: Robe              ||    72
  Dodge: Dodged            ||    85

Illustrated notes

Table legend:
 A = Kills in this place as a percentage of kills in the entire game.
 B = Kills by you in this place as a percentage of kills by you in the entire game.
 C = Kills by friends in this place as a percentage of kills by friends in the entire game.
 D = Other kills in this place as a percentage of other kills in the entire game.
 E = Experience gained in this place as a percentage of experience gained in the entire game.
 F = Experience gained in this place divided by the number of levels of this place that you have seen.
                   A       B       C       D       E      F
               +-------+-------+-------+-------+-------+----------------------
         Total | 100.0 | 100.0 | 100.0 |   N/A | 100.0 |  43.0
       Dungeon | 100.0 | 100.0 | 100.0 |   N/A | 100.0 |  43.0
               +-------+-------+-------+-------+-------+----------------------

Table legend: (Time is in decaauts)
 A = Elapsed time spent in this place.
 B = Non-inter-level travel time spent in this place.
 C = Inter-level travel time spent in this place.
 D = Time resting spent in this place.
 E = Time spent auto-exploring this place.
 F = Levels seen in this place.
 G = Mean time per level.
                   A        B        C        D        E       F      G
               +--------+--------+--------+--------+--------+-----+--------+
         Total |   1607 |   1551 |     56 |      0 |   1196 |   2 |  803.5 |
       Dungeon |   1607 |   1551 |     56 |      0 |   1196 |   2 |  803.5 |
               +--------+--------+--------+--------+--------+-----+--------+

Top non-repeatable levels by time:
     D:1: 854 daAuts
     D:2: 753 daAuts
